 Dungeon Crawl Stone Soup version 0.14-a0-1168-gf5005bf (webtiles) character file.

269 Jenx the Digger (level 5, -2/28 (33) HPs)
             Began as a Formicid Earth Elementalist on Nov 29, 2013.
             Killed from afar by an orc wizard (6 damage)
             ... with a puff of flame
             ... on Level 3 of the Dungeon.
             The game lasted 00:13:32 (3669 turns).

Jenx the Digger (Formicid Earth Elementalist)       Turns: 3669, Time: 00:13:32

HP  -2/28 (33)   AC  3     Str 13      XL: 5   Next: 94%
MP   4/8         EV 12     Int 15      God:
Gold 115         SH  0     Dex 11      Spells:  2 memorised,  2 levels left

rFire  . . .     SeeInvis +     a - +0,+2 dagger (venom)
rCold  . . .     Clarity  .     c - +0 robe
rNeg   . . .     Conserve .     (no shield)
rPois  x         rCorr    .     (helmet unavailable)
rElec  .         rRot     .     (no cloak)
SustAb . .       Spirit   .     (no gloves)
rMut   .         Warding  .     (no boots)
Saprov . . .     Stasis   +     (no amulet)
                                (no ring)
                                (no ring)

@: slightly resistant to hostile enchantments, fairly stealthy
A: permanent stasis, dig shafts and tunnels, four strong arms, poison weakness,
antennae 3, exoskeleton 1
a: Dig, Shaft Self


You were on level 3 of the Dungeon.
You were not hungry.

You visited 1 branch of the dungeon, and saw 3 of its levels.

You collected 115 gold pieces.

Inventory:

Hand weapons
 a - a +0,+2 dagger of venom (weapon)
 k - a +1,+2 vampiric dagger
Missiles
 b - 50 stones
 m - 4 tomahawks (quivered)
Armour
 c - a +0 robe (worn)
Scrolls
 e - a scroll of noise {unknown}
 f - a scroll of amnesia
 g - 3 scrolls of teleportation {unknown}
 j - 2 scrolls of identify
 n - a scroll of random uselessness {unknown}
 o - 2 scrolls of fog {unknown}
 q - 3 scrolls of remove curse
 r - a scroll of curse jewellery {unknown}
Jewellery
 i - a cursed ring of teleportation
Potions
 l - a potion of restore abilities {unknown}
Books
 d - a book of Geomancy

   Spells                             Type                      Level
   *Sandblast                         Earth                        1
   Stoneskin                          Transmutation/Earth          2
   Passwall                           Transmutation/Earth          3
   *Stone Arrow                       Conjuration/Earth            3
   Petrify                            Transmutation/Earth          4
   Lee's Rapid Deconstruction         Earth                        5


   Skills:
 - Level 1.7 Dodging
 - Level 2.4 Stealth
 - Level 1.0 Spellcasting
 + Level 2.2 Conjurations
   Level 1.1 Transmutations
 - Level 6.2 Earth Magic


You had 2 spell levels left.
You knew the following spells:

 Your Spells              Type           Power        Failure   Level  Hunger
a - Sandblast             Erth           ###...       1%          1    ##.....
b - Stone Arrow           Conj/Erth      ##....       17%         3    ####...


Dungeon Overview and Level Annotations

Branches:
Dungeon (3/16)

Altars:
Elyvilon


Innate Abilities, Weirdness & Mutations

Your are under a permanent stasis effect.
You can dig through walls and to a lower floor.
Your four strong arms can wield any weapon, most with a shield.
You are susceptible to poison.
You have a pair of large antennae on your head (SInv).
Your body is surrounded by an exoskeleton. (HP +5, AC +1)


Message History

Casting: Sandblast
Confirm with . or Enter, or press ? or * to list all spells.
Aiming: Sandblast
Press: ? - help, Shift-Dir - straight line, f - orc wizard
Aim: an orc wizard, wielding an orcish dagger and wearing an orcish robe (moderately wounded)
The blast of sand hits the orc wizard.
The orc wizard is heavily wounded.
The orc wizard hits you with an orcish dagger.
* * * LOW HITPOINT WARNING * * *
Casting: Sandblast
Confirm with . or Enter, or press ? or * to list all spells.
Aiming: Stone Arrow
Press: ? - help, Shift-Dir - straight line, f/p - orc wizard
Aim: an orc wizard, wielding an orcish dagger and wearing an orcish robe (heavily wounded)
The stone arrow misses the orc wizard.
The orc wizard closely misses you.
You miss the orc wizard.
The orc wizard is heavily wounded.
The orc wizard points at you and mumbles some strange words.
The puff of flame hits you!
You die...

#.## #...# . ...# #...#
.##..### #...# .......#
#...#
#.#..#.######...###
#.#..#.#...........
#.#......%.).......
{####.#.##.#...........
#....@o.#<######...###
#.#####.>.# #...# #.###
#...# #.# #...# #.####
###...### #....#
#.......# ..##.#
#.##.##.#
####.###.##.##.#
#......#.#.....


You could see an orc wizard.

Vanquished Creatures
  An orc wizard (D:2)
  5 adders
  A giant mite (D:3)
  An inept feature mimic (D:2)
  A giant eyeball (D:3)
  A giant gecko (D:2)
  7 orcs (D:3)
  6 hobgoblins
  4 jackals (D:2)
  6 kobolds
  2 quokkas (D:2)
  3 ball pythons
  9 bats
  3 giant cockroaches
  6 giant newts
  2 goblins (D:1)
  3 rats
61 creatures vanquished.

Notes
Turn   | Place    | Note
--------------------------------------------------------------
     0 | D:1      | Jenx, the Formicid Earth Elementalist, began the quest for the Orb.
     0 | D:1      | Reached XP level 1. HP: 15/15 MP: 3/3
   210 | D:1      | Reached skill level 4 in Earth Magic
   228 | D:1      | Reached XP level 2. HP: 18/20 MP: 2/4
   769 | D:2      | Reached XP level 3. HP: 19/24 MP: 0/5
   827 | D:2      | Learned a level 3 spell: Stone Arrow
   852 | D:2      | Reached skill level 5 in Earth Magic
  1336 | D:2      | Reached XP level 4. HP: 29/29 MP: 2/7
  1705 | D:2      | HP: 1/29 [poisoned by an adder]
  2068 | D:2      | Found a white marble altar of Elyvilon.
  2224 | D:2      | Reached skill level 6 in Earth Magic
  2228 | D:2      | Reached XP level 5. HP: 23/33 MP: 6/8
  2719 | D:2      | Reached skill level 1 in Conjurations
  3669 | D:3      | Killed from afar by an orc wizard

Action                   |  1- 3 |  4- 6 || total
-------------------------+-------+-------++-------
Melee: Unarmed           |    25 |    34 ||    59
       Dagger            |       |   107 ||   107
Throw: Tomahawk          |    17 |    14 ||    31
       Stone             |       |     1 ||     1
 Cast: Sandblast         |    49 |    29 ||    78
       Stone Arrow       |     1 |     2 ||     3
  Use: Potion            |     1 |       ||     1
       Scroll            |       |     5 ||     5
 Stab: Sleeping          |       |     4 ||     4
